AoeStats
← PainRhino

Pilgrims

508237652Analyzed
2v2 RM · 12d ago on Sep 21, 2026· 24m 58s· 4 players
Game mode
Random Map
Map size
Medium (4 player)
Population
200
Speed
Normal
Resources
Standard
Victory
Conquest
Starting age
Dark Age
Ending age
Imperial Age
RankedLock teamsTeams togetherTeam positionsShared explorationLock speedFull tech treeHidden civsTurbo modeCheats
Victory
Defeat
🇩🇪 Japanese · Germany
1398
+14
1388
+15
🇨🇱 Vikings · Chile
1374
-15
🇨🇱 Spanish · Chile
1340
-14
Druminado
2:49 Loom
11:16 Feudal Age
12:19 Double-Bit Axe
13:18 Fletching
13:29 Padded Archer Armor
18:16 Castle Age
ISRA10
9:05 Loom
10:56 Feudal Age
16:05 Castle Age
PainRhino
6:48 Loom
9:30 Feudal Age
9:59 Double-Bit Axe
13:12 Wheelbarrow
16:38 Fishing Lines
20:46 Castle Age
20:55 Scale Barding Armor
20:45 Fletching
23:43 Gillnets
24:50 Bow Saw
25:27 Redemption
Fappi / / / Mode: WHEEEELER
2:51 Loom
11:00 Feudal Age
15:36 Castle Age
13:43 Double-Bit Axe
15:20 Town Watch
16:22 Fletching
17:11 Wheelbarrow
17:42 Fishing Lines
22:44 Imperial Age
22:19 Gold Mining
Connection lost

Rejoining the realm…

Still unreachable

The connection could not be restored.

Session expired

The server has moved on; the page needs a fresh start.